 Dungeon Crawl Stone Soup version 0.30.1-4-g462c640d31 (webtiles) character file.

Game seed: 8672558357648575813

426 Bobit the Grasshopper (level 6, -1/51 HPs)
             Began as a Gnoll Warper on Aug 14, 2023.
             Was an Initiate of Yredelemnul.
             Slain by an orc wizard
             ... wielding a +0 dagger
              (4 damage)
             ... on level 4 of the Dungeon.
             The game lasted 00:09:00 (3132 turns).

Bobit the Grasshopper (Gnoll Warper)                Turns: 3132, Time: 00:09:00

Health: -1/51      AC:  5    Str: 10    XL:     6   Next: 97%
Magic:  3/14       EV: 13    Int: 12    God:    Yredelemnul [......]
Gold:   93         SH:  0    Dex: 14    Spells: 2/16 levels left

rFire   . . .        a - +0 falchion
rCold   . . .        (no shield)
rNeg    . . .        b - +0 leather armour
rPois   .            k - +0 helmet
rElec   .            l - +0 cloak
rCorr   .            (no gloves)
SInv    .            (no boots)
Will    .....        (no amulet)
Stlth   ++           (no ring)
HPRegen 0.28/turn    (no ring)
MPRegen 0.14/turn

%: no passive effects
@: very slightly contaminated
A: fangs 1, strong nose, distributed training
a: Renounce Religion, Recall Undead Harvest


You were on level 4 of the Dungeon.
You worshipped Yredelemnul.
Yredelemnul was noncommittal.
You visited 1 branch of the dungeon, and saw 4 of its levels.

You collected 93 gold pieces.

Inventory:

Hand Weapons
 a - a +0 falchion (weapon)
Missiles
 d - 7 boomerangs of dispersal (quivered)
Armour
 b - a +0 leather armour (worn)
 i - a +0 ring mail
 k - a +0 helmet (worn)
 l - a +0 cloak (worn)
Scrolls
 c - 2 scrolls of blinking
 f - 3 scrolls of teleportation {unknown}
 g - 9 scrolls of identify {unknown}
 j - a scroll of fear {unknown}
 m - a scroll of magic mapping {unknown}
 o - a scroll of poison {unknown}
Potions
 e - a potion of curing {unknown}
 h - 2 potions of heal wounds {unknown}
 n - 2 potions of brilliance {unknown}


   Skills:
 + Level 5.1 Fighting
 + Level 2.2 Short Blades
 + Level 5.1 Long Blades
 + Level 2.2 Axes
 + Level 2.2 Maces & Flails
 + Level 2.2 Polearms
 + Level 2.2 Staves
 + Level 2.2 Ranged Weapons
 + Level 3.4 Throwing
 + Level 3.4 Armour
 + Level 5.1 Dodging
 + Level 2.2 Stealth
 + Level 2.2 Shields
 + Level 2.2 Unarmed Combat
 + Level 5.5 Spellcasting
 + Level 1.8 Conjurations
 + Level 1.8 Hexes
 + Level 1.8 Summonings
 + Level 1.8 Necromancy
 + Level 5.7 Translocations
 + Level 1.8 Transmutations
 + Level 1.8 Fire Magic
 + Level 1.8 Ice Magic
 + Level 1.8 Air Magic
 + Level 1.8 Earth Magic
 + Level 1.8 Poison Magic
 + Level 2.5 Invocations
 + Level 2.2 Evocations


You had 2 spell levels left.
You knew the following spells:

 Your Spells              Type           Power      Damage    Failure   Level
a - Blink                 Tloc           34%        N/A       3%          2
b - Lesser Beckoning      Tloc           34%        N/A       3%          2
c - Teleport Other        Tloc           17%        N/A       7%          3
d - Vhi's Electric Charg  Tloc/Air       24%        N/A       16%         3
e - Manifold Assault      Tloc           17%        N/A       22%         4

Your spell library contained the following spells:

 Spells                   Type           Power      Damage    Failure   Level


Dungeon Overview and Level Annotations

Branches:
Dungeon (4/15)
 Temple: D:4-7

Altars:
Cheibriados
Xom
Yredelemnul
Zin
The Shining One

Shops:
D:1 ?   D:4 (


Innate Abilities, Weirdness & Mutations

You have very sharp teeth.
Your uncanny sense of smell can sniff out nearby items.
Your experience applies equally to all skills.


Message History

You hit the orc.
Your orc zombie hits the orc.
The orc barely misses your orc zombie. Something hits you.
* * * LOW HITPOINT WARNING * * *
Casting: Manifold Assault (quite dangerous; 22% risk of failure)
Confirm with . or Enter, or press ? or * to list all spells.
You don't know that spell.
Casting: Manifold Assault (quite dangerous; 22% risk of failure)
Confirm with . or Enter, or press ? or * to list all spells.
You don't have enough magic to cast this spell.
An orc is nearby!
You closely miss the orc.
The orc is heavily wounded.
The orc hits you with a +0 mace.
* * * LOW HITPOINT WARNING * * *
You hear some strange, mumbled words.
Something tries to affect you, but you resist.
Your orc zombie hits the orc.
You barely miss the orc. Your bite misses the orc.
The orc is severely wounded.
The orc closely misses you.
You hear some strange, mumbled words.
A magic dart appears from out of thin air!
The magic dart hits you.
* * * LOW HITPOINT WARNING * * *
Your orc zombie hits the orc.
You hit the orc.
You kill the orc!
The dead are walking!
You are no longer locked in place.
Something hits you.
* * * LOW HITPOINT WARNING * * *
Something hits you but does no damage.
You see here a +0 mace.
You miss something.
You hear some strange, mumbled words.
Something tries to affect you, but you resist.
You hit something. Something barely misses you.
You closely miss something. Your bite misses something. Something hits you.
You die...
Your body rises from the dead as a mindless zombie.

#.......<.#
##########
#.........#
#.............
#.........#
#.............
#.........#
#.............
#.........#
#..............
####.........#
#..............#
..##.........#
#..............#
..##........>#
#.{............#
..##.........#
#@Z...)....._..#
..##.........#
#Z..............
...'.........#
#####.....⌠....#
..##.........#
#.........?#
..##.........#
#..._......#
..##.........#
#####.#........#
......))######
#.....#.#.......
...####.###
#....##.#......#
##.# #....#
#....##.#...####


You could see 2 friendly orc zombies.

Vanquished Creatures
  Sigmund (D:3)
  A howler monkey (D:4)
  A hound (D:4)
  Jessica (D:2)
  An iguana (D:3)
  Natasha (twice) (D:2)
  2 adders
  A worm (D:2)
  A dart slug (D:3)
  7 orcs
  4 bats
  3 endoplasms
  2 giant cockroaches
  A goblin (D:2)
  6 hobgoblins
  6 jackals
  2 kobolds
  3 quokkas
  4 ball pythons
  A frilled lizard (D:1)
  A giant cockroach zombie (D:4)
  An orc zombie (D:4)
  7 rats
59 creatures vanquished.

Vanquished Creatures (collateral kills)
  2 bats (D:1)
  A ball python (D:1)
  A frilled lizard (D:2)
4 creatures vanquished.

Vanquished Creatures (others)
  An angel (D:3)
  A bat zombie (D:1)
  A jackal zombie (D:4)
  An orc zombie (D:4)
4 creatures vanquished.

Grand Total: 67 creatures vanquished

Notes
Turn   | Place    | Note
-------+----------+-------------------------------------------
     0 | D:1      | Bobit the Gnoll Warper began the quest for the Orb.
     0 | D:1      | Reached XP level 1. HP: 20/20 MP: 6/6
    29 | D:1      | Found Tuibbesu's Magic Scroll Shop.
    43 | D:1      | Reached XP level 2. HP: 19/26 MP: 7/7
   136 | D:1      | Found a faded altar of an unknown god.
   188 | D:1      | Prayed at the altar of an unknown god.
   188 | D:1      | Became a worshipper of Yredelemnul the Dark
   188 | D:1      | Reached * piety under Yredelemnul
   289 | D:1      | Learned a level 2 spell: Blink
   292 | D:1      | Learned a level 2 spell: Lesser Beckoning
   315 | D:1      | You fall into a shaft and drop 1 floor!
   346 | D:2      | Noticed Jessica
   355 | D:2      | Killed Jessica
   356 | D:2      | Reached skill level 5 in Spellcasting
   356 | D:2      | Reached skill level 1 in Invocations
   356 | D:2      | Reached XP level 3. HP: 24/31 MP: 7/9
   401 | D:2      | Reached skill level 1 in Short Blades
   401 | D:2      | Reached skill level 1 in Axes
   401 | D:2      | Reached skill level 1 in Maces & Flails
   401 | D:2      | Reached skill level 1 in Polearms
   401 | D:2      | Reached skill level 1 in Staves
   401 | D:2      | Reached skill level 1 in Ranged Weapons
   401 | D:2      | Reached skill level 1 in Stealth
   401 | D:2      | Reached skill level 1 in Shields
   401 | D:2      | Reached skill level 1 in Unarmed Combat
   401 | D:2      | Reached skill level 1 in Evocations
   646 | D:2      | Reached XP level 4. HP: 38/38 MP: 11/11
   754 | D:2      | Noticed Natasha
   761 | D:2      | Killed Natasha
   762 | D:2      | Reached skill level 1 in Conjurations
   762 | D:2      | Reached skill level 1 in Hexes
   762 | D:2      | Reached skill level 1 in Summonings
   762 | D:2      | Reached skill level 1 in Necromancy
   762 | D:2      | Reached skill level 1 in Transmutations
   762 | D:2      | Reached skill level 1 in Fire Magic
   762 | D:2      | Reached skill level 1 in Ice Magic
   762 | D:2      | Reached skill level 1 in Air Magic
   762 | D:2      | Reached skill level 1 in Earth Magic
   762 | D:2      | Reached skill level 1 in Poison Magic
   796 | D:2      | Learned a level 3 spell: Teleport Other
   800 | D:2      | Learned a level 3 spell: Vhi's Electric Charge
  1418 | D:2      | Noticed Natasha
  1430 | D:2      | Killed Natasha
  1431 | D:2      | Reached ** piety under Yredelemnul
  1431 | D:2      | Reached XP level 5. HP: 10/43 MP: 12/12
  1766 | D:3      | Noticed Sigmund
  1784 | D:3      | Killed Sigmund
  1785 | D:3      | Reached skill level 5 in Fighting
  1785 | D:3      | Reached skill level 5 in Long Blades
  1785 | D:3      | Reached skill level 5 in Dodging
  1785 | D:3      | Reached XP level 6. HP: 10/51 MP: 14/14
  2036 | D:3      | Learned a level 4 spell: Manifold Assault
  2166 | D:3      | Killed an angel
  2521 | D:3      | Found a glowing silver altar of Zin.
  2523 | D:3      | Found a shimmering altar of Xom.
  2825 | D:4      | Found Hyl Asosucs's Weapon Emporium.
  3083 | D:4      | Found a snail-covered altar of Cheibriados.
  3083 | D:4      | Found a glowing golden altar of the Shining One.
  3128 | D:4      | HP: 1/51 [something (4)]
  3132 | D:4      | Slain by an orc wizard

Illustrated notes

Levels and vault maps discovered:
D:1:      minmay_arrival_radiant_lines, layout_rooms,
          chequers_ecumenical_altar_simple, serial_shops, shop,
          nicolae_nh_oracle_at_delphi
D:2:      layout_loops_corners, serial_forest, infiniplex_forest_lined_room_2,
          infiniplex_forest_corner_1, infiniplex_forest_end_2,
          infiniplex_forest_clump_tiny, infiniplex_forest_clump_small,
          uniq_jessica, uniq_natasha
D:3:      layout_basic, grunt_temple_overflow_order_and_chaos_1,
          bh_walls_and_bars, uniq_sigmund
D:4:      layout_basic, mainiacjoe_overflow_cross_hatched,
          grunt_temple_overflow_open, nicolae_stop_n_shop_2

Skill      XL: |  1  2  3  4  5 |
---------------+----------------+-----
Spellcasting   | 5 |  5.5
Invocations    | 1 2 |  2.5
Short Blades   | 1 2 |  2.2
Axes           | 1 2 |  2.2
Maces & Flails | 1 2 |  2.2
Polearms       | 1 2 |  2.2
Staves         | 1 2 |  2.2
Ranged Weapons | 1 2 |  2.2
Stealth        | 1 2 |  2.2
Shields        | 1 2 |  2.2
Unarmed Combat | 1 2 |  2.2
Evocations     | 1 2 |  2.2
Conjurations   | 1 |  1.8
Hexes          | 1 |  1.8
Summonings     | 1 |  1.8
Necromancy     | 1 |  1.8
Transmutations | 1 |  1.8
Fire Magic     | 1 |  1.8
Ice Magic      | 1 |  1.8
Air Magic      | 1 |  1.8
Earth Magic    | 1 |  1.8
Poison Magic   | 1 |  1.8
Fighting       | 5 |  5.1
Long Blades    | 5 |  5.1
Throwing       | 3 |  3.4
Armour         | 3 |  3.4
Dodging        | 5 |  5.1
Translocations | |  5.7

Action                     |  1- 3 |  4- 6 || total
---------------------------+-------+-------++-------
  Melee: Falchion          |    69 |   178 ||   247
         Bite              |     8 |    21 ||    29
         Punch             |       |     6 ||     6
   Cast: Teleport Other    |       |     2 ||     2
         Vhi's Electric Ch |       |     1 ||     1
         Manifold Assault  |       |    10 ||    10
   Stab: Sleeping          |       |     5 ||     5
         Distracted        |       |     1 ||     1
 Armour: Leather armour    |    19 |    53 ||    72
         Ring mail         |       |     3 ||     3
  Dodge: Dodged            |    65 |   142 ||   207
